 Dungeon Crawl Stone Soup version 0.22-a0-396-g3f858e3 (webtiles) character file.

914 George the Skirmisher (level 8, -17/67 HPs)
             Began as a Gnoll Wanderer on May 3, 2018.
             Was an Initiate of Okawaru.
             Demolished by an ogre
             ... wielding a +0 giant club
              (24 damage)
             ... on level 5 of the Dungeon.
             The game lasted 00:10:31 (5800 turns).

George the Skirmisher (Gnoll Wanderer)              Turns: 5800, Time: 00:10:32

Health: -17/67     AC:  7    Str: 15    XL:     8   Next: 9%
Magic:  14/14      EV: 10    Int: 18    God:    Okawaru [......]
Gold:   210        SH:  0    Dex: 13    Spells: 15/15 levels left

rFire    . . .     SeeInvis .   D - +2 dagger (speed)
rCold    . . .     Gourm    .   (no shield)
rNeg     . . .     Faith    .   C - +0 scale mail (curse)
rPois    .         Spirit   .   y - +0 helmet
rElec    .         Reflect  .   (no cloak)
rCorr    .         Harm     .   (no gloves)
MR       .....                  (no boots)
Stlth    +.........             (no amulet)
HPRegen  0.21/turn              p - ring of wizardry
MPRegen  0.14/turn              (no ring)

@: no status effects
A: distributed training, fangs 1, strong nose
a: Renounce Religion


You were on level 5 of the Dungeon.
You worshipped Okawaru.
Okawaru was noncommittal.
You were hungry.

You visited 2 branches of the dungeon, and saw 6 of its levels.

You collected 210 gold pieces.

Inventory:

Hand Weapons
 a - a +2 spear
 b - a +2 dagger of venom
 h - a +0 shortbow
 r - a +3 short sword
 D - a +2 dagger of speed (weapon)
Missiles
 s - a throwing net
 t - 7 curare-tipped needles
 v - 80 arrows
 A - 8 tomahawks (quivered)
Armour
 y - a +0 helmet (worn)
 C - a cursed +0 scale mail (worn)
Jewellery
 p - a ring of wizardry (left hand)
Wands
 c - a wand of random effects (15)
 x - a wand of digging (12)
Scrolls
 d - a scroll of random uselessness {unknown}
 g - a scroll of immolation {unknown}
 i - a scroll of remove curse
 k - a scroll of noise {unknown}
 l - a scroll of amnesia {unknown}
 m - 2 scrolls of teleportation
 q - a scroll of magic mapping
 w - a scroll of enchant armour {unknown}
 z - 2 scrolls of blinking {unknown}
 B - a scroll of enchant weapon {unknown}
Potions
 e - a potion of magic
 j - a potion of mutation
 n - a potion of heal wounds {unknown}
 o - a potion of berserk rage
 u - a potion of lignification {unknown}
Comestibles
 f - 11 rations


   Skills:
 + Level 7.2 Fighting
 + Level 2.9 Short Blades
 + Level 2.9 Long Blades
 + Level 2.9 Axes
 + Level 2.9 Maces & Flails
 + Level 2.9 Polearms
 + Level 2.9 Staves
 + Level 2.9 Slings
 + Level 2.9 Bows
 + Level 2.9 Crossbows
 + Level 2.9 Throwing
 + Level 2.9 Armour
 + Level 2.9 Dodging
 + Level 3.8 Stealth
 + Level 2.9 Shields
 + Level 2.9 Unarmed Combat
 + Level 4.1 Spellcasting
 + Level 2.3 Conjurations
 + Level 2.3 Hexes
 + Level 2.3 Charms
 + Level 2.3 Summonings
 + Level 3.2 Necromancy
 + Level 2.3 Translocations
 + Level 2.3 Transmutations
 + Level 2.3 Fire Magic
 + Level 2.3 Ice Magic
 + Level 2.3 Air Magic
 + Level 6.0 Earth Magic
 + Level 2.3 Poison Magic
 + Level 3.2 Invocations
 + Level 3.9 Evocations


You had 15 spell levels left.
You didn't know any spells.

Dungeon Overview and Level Annotations

Branches:
Dungeon (5/15)             Temple (1/1) D:5

Altars:
Ashenzari
Cheibriados
Elyvilon
Fedhas
Hepliaklqana
Kikubaaqudgha
Nemelex Xobeh
Okawaru
Qazlal
Ru
Sif Muna
Trog
Uskayaw
Wu Jian
Xom
Yredelemnul
Zin
Lugonu


Innate Abilities, Weirdness & Mutations

Your experience applies equally to all skills.
You have very sharp teeth.
Your uncanny sense of smell can sniff out nearby items.


Message History

You kill the hound!
Okawaru accepts your kill. The ogre hits you with a giant club!!
Found a runed opal ring and a purple potion.
You hit the ogre.
The ogre is lightly wounded.
The ogre barely misses you.
You hit the ogre.
The ogre is moderately wounded.
You hit the ogre.
The ogre is moderately wounded.
The ogre hits you with a giant club!!
* * * LOW HITPOINT WARNING * * *
You are too injured to fight recklessly!
You are too injured to fight recklessly!
You see here a giant spiked club.
The ogre hits you with a giant club!
* * * LOW HITPOINT WARNING * * *
The ogre hits you with a giant club!!
You die...

##....###.......#########
#.....###..............#
###....##..............#
##..#.##)............#***###
#.###...............#*,,...
### ##..##........###*,*###
##..#..####### #,##..
##.O..# #.#... ##.@## #.#...
##.# #..... #.####### #.#...
##.......#####.#...
#..............##..
##.............)####
#..#................
##.#.................
##....................


You could see an ogre.

Vanquished Creatures
  A centaur (D:5)
  An ogre (D:5)
  3 howler monkeys
  A bullfrog skeleton (D:5)
  2 hounds (D:5)
  An iguana (D:5)
  A centaur skeleton (D:4)
  9 orc wizards
  A worker ant (D:5)
  A hound skeleton (D:5)
  7 adders
  An ooze (D:2)
  4 worms
  5 dart slugs (D:1)
  4 leopard geckos
  24 orcs
  3 bats
  A giant cockroach (D:1)
  8 hobgoblins
  8 jackals
  8 kobolds
  2 quokkas (D:2)
  2 ball pythons
  4 frilled lizards
  8 goblins
  6 rats
  A spectral orc (D:5)
117 creatures vanquished.

Notes
Turn   | Place    | Note
-------+----------+-------------------------------------------
     0 | D:1      | George the Gnoll Wanderer began the quest for the Orb.
     0 | D:1      | George set off with: a +2 spear, a potion of curing, a wand of random effects (15), a +0 robe, a ration
     0 | D:1      | Reached XP level 1. HP: 23/23 MP: 4/4
    47 | D:1      | Reached XP level 2. HP: 6/29 MP: 5/5
   528 | D:1      | Reached XP level 3. HP: 31/35 MP: 7/7
   678 | D:1      | Reached skill level 1 in Invocations
   972 | D:2      | Reached skill level 1 in Short Blades
   972 | D:2      | Reached skill level 1 in Long Blades
   972 | D:2      | Reached skill level 1 in Axes
   972 | D:2      | Reached skill level 1 in Maces & Flails
   972 | D:2      | Reached skill level 1 in Polearms
   972 | D:2      | Reached skill level 1 in Staves
   972 | D:2      | Reached skill level 1 in Slings
   972 | D:2      | Reached skill level 1 in Bows
   972 | D:2      | Reached skill level 1 in Crossbows
   972 | D:2      | Reached skill level 1 in Throwing
   972 | D:2      | Reached skill level 1 in Armour
   972 | D:2      | Reached skill level 1 in Dodging
   972 | D:2      | Reached skill level 1 in Shields
   972 | D:2      | Reached skill level 1 in Unarmed Combat
   972 | D:2      | Reached XP level 4. HP: 41/41 MP: 8/8
  1619 | D:2      | Reached skill level 1 in Conjurations
  1619 | D:2      | Reached skill level 1 in Hexes
  1619 | D:2      | Reached skill level 1 in Charms
  1619 | D:2      | Reached skill level 1 in Summonings
  1619 | D:2      | Reached skill level 1 in Translocations
  1619 | D:2      | Reached skill level 1 in Transmutations
  1619 | D:2      | Reached skill level 1 in Fire Magic
  1619 | D:2      | Reached skill level 1 in Ice Magic
  1619 | D:2      | Reached skill level 1 in Air Magic
  1619 | D:2      | Reached skill level 1 in Poison Magic
  2059 | D:3      | Reached XP level 5. HP: 44/47 MP: 9/9
  2610 | D:3      | Found a deep blue altar of Sif Muna.
  2612 | D:3      | Found a hide-covered altar of Uskayaw.
  2613 | D:3      | Found a hazy altar of Hepliaklqana.
  3184 | D:4      | Found an ancient bone altar of Kikubaaqudgha.
  3449 | D:4      | Reached XP level 6. HP: 30/53 MP: 10/10
  3802 | D:4      | Found a sparkling altar of Nemelex Xobeh.
  4014 | D:5      | Entered Level 5 of the Dungeon
  4091 | D:5      | Reached XP level 7. HP: 30/59 MP: 12/12
  4311 | D:5      | Reached skill level 7 in Fighting
  4705 | D:5      | Found a basalt altar of Yredelemnul.
  5121 | D:5      | Found a shimmering altar of Xom.
  5122 | D:5      | Found a glowing silver altar of Zin.
  5122 | D:5      | Noticed an angel
  5152 | D:5      | Found a staircase to the Ecumenical Temple.
  5161 | Temple   | Entered the Ecumenical Temple
  5200 | Temple   | Became a worshipper of Warmaster Okawaru
  5565 | D:5      | Found a snail-covered altar of Cheibriados.
  5614 | D:5      | Reached XP level 8. HP: 35/67 MP: 14/14
  5800 | D:5      | Demolished by an ogre

Vault maps used:
D:1:      minmay_arrival_radiant_lines, serial_corexii_hall,
          corexii_hall_statues_x, corexii_hall_statues_u, moated_statue
D:3:      grunt_temple_overflow_open, first_ration
D:4:      kiku_gazebo_garden_becter, nemelex_spade_bored_becter
D:5:      grunt_temple_overflow_order_and_chaos_1,
          yredelemnul_forgotten_temple_becter, old_standard_altar,
          minmay_temple_entry_crystal_x, ashenzari_altar_1
Temple:   corrupted_temple

Skill      XL: |  1  2  3  4  5  6  7 |
---------------+----------------------+-----
Necromancy     | 2 3 |  3.2
Invocations    | 1 2 3 |  3.2
Short Blades   | 1 2 |  2.9
Long Blades    | 1 2 |  2.9
Axes           | 1 2 |  2.9
Maces & Flails | 1 2 |  2.9
Polearms       | 1 2 |  2.9
Staves         | 1 2 |  2.9
Slings         | 1 2 |  2.9
Bows           | 1 2 |  2.9
Crossbows      | 1 2 |  2.9
Throwing       | 1 2 |  2.9
Armour         | 1 2 |  2.9
Dodging        | 1 2 |  2.9
Shields        | 1 2 |  2.9
Unarmed Combat | 1 2 |  2.9
Spellcasting   | 3 4 |  4.1
Conjurations   | 1 2 |  2.3
Hexes          | 1 2 |  2.3
Charms         | 1 2 |  2.3
Summonings     | 1 2 |  2.3
Translocations | 1 2 |  2.3
Transmutations | 1 2 |  2.3
Fire Magic     | 1 2 |  2.3
Ice Magic      | 1 2 |  2.3
Air Magic      | 1 2 |  2.3
Poison Magic   | 1 2 |  2.3
Evocations     | 3 |  3.9
Stealth        | 3 |  3.8
Fighting       | 7 |  7.2
Earth Magic    | 6 |  6.0

Action                   |  1- 3 |  4- 6 |  7- 9 || total
-------------------------+-------+-------+-------++-------
Melee: Spear             |    83 |       |       ||    83
       Bite              |     4 |    22 |    16 ||    42
       Short sword       |     9 |   202 |    75 ||   286
       Punch             |       |     1 |     3 ||     4
       Dagger            |       |       |    69 ||    69
 Fire: Shortbow          |       |       |    10 ||    10
Throw: Tomahawk          |       |     5 |       ||     5
  Use: Scroll            |       |     3 |     5 ||     8
       Potion            |       |       |     1 ||     1
 Stab: Sleeping          |     2 |     2 |       ||     4
  Eat: Chunk             |       |    10 |     5 ||    15
Armor: Robe              |    15 |       |       ||    15
       Ring mail         |    10 |    66 |    16 ||    92
       Scale mail        |       |       |    46 ||    46
Dodge: Dodged            |    51 |    89 |    60 ||   200

Table legend:
 A = Spawn XP
 B = Non-spawn XP
 C = Spawn XP percentage of total XP
 D = Spawn monster count
 E = Non-spawn monster count
 F = Spawn count percentage of total count
 G = Total turns spent on level
                    A         B        C        D         E        F      G
               +---------+---------+-------+---------+---------+-------+---------
         Total |       0 |    1307 |   0.0 |       0 |     117 |   0.0 |  5800
               +---------+---------+-------+---------+---------+-------+---------
           D:1 |       0 |      64 |   0.0 |       0 |      30 |   0.0 |   943
           D:2 |       0 |      80 |   0.0 |       0 |      22 |   0.0 |   894
           D:3 |       0 |     123 |   0.0 |       0 |      18 |   0.0 |  1224
           D:4 |       0 |     279 |   0.0 |       0 |      17 |   0.0 |  1215
           D:5 |       0 |     761 |   0.0 |       0 |      30 |   0.0 |  1473
               +---------+---------+-------+---------+---------+-------+---------
